 Seeded DCSS version 0.27.1-34-g3ba077fa99 (webtiles) character file.

Game seed: 20220114 (custom seed)

6328 iamoutofideas the Magician (level 10, -4/79 HPs)
             Began as a Gnoll Warper on Jan 14, 2022.
             Was a Follower of Ashenzari.
             Slain by an orc warrior (30 damage)
             ... in a bailey.
             The game lasted 00:21:41 (14519 turns).

iamoutofideas the Magician (Gnoll Warper)          Turns: 14519, Time: 00:21:41

Health: -4/79      AC: 10    Str: 19    XL:     10   Next: 95%
Magic:  30/30      EV: 15    Int: 13    God:    Ashenzari [*.....]
Gold:   1289       SH:  5    Dex: 12    Spells: 10/24 levels left

rFire    . . .     SeeInvis .   x - +0 whip (elec)
rCold    . . .     Faith    .   (no shield)
rNeg     . . .     Spirit   .   A - +3 steam dragon scales
rPois    .         Reflect  +   (no helmet)
rElec    .         Harm     .   y - +0 cloak "Prison of the Welkin" {Cun, Elem} (curse)
rCorr    .         Rampage  .   (no gloves)
Will     .....                  (no boots)
Stlth    ++........             g - amulet of reflection
HPRegen  0.23/turn              q - ring of magical power
MPRegen  0.22/turn              s - ring of Curses and Power {Str+6, Evo, Elem} (curse)

@: about to teleport, very slow
A: fangs 1, strong nose, distributed training
a: Renounce Religion, Curse Item, Shatter the Chains


You were in a bailey.
You worshipped Ashenzari.
Ashenzari was aware of your devotion.
You visited 2 branches of the dungeon, and saw 10 of its levels.
You also visited: Bailey.

You collected 1303 gold pieces.
You spent 14 gold pieces at shops.

Inventory:

Hand Weapons
 a - a +1 hand axe of protection
 f - a +2 vampiric executioner's axe
 x - a +0 whip of electrocution (weapon)
Missiles
 d - 5 boomerangs of dispersal (quivered)
 H - 2 throwing nets
Armour
 c - a +3 plate armour
 i - a +0 cloak
 t - a +1 robe of willpower
 y - the cursed +0 cloak "Prison of the Welkin" (worn) {Cun, Elem}
   (You took it off Crazy Yiuf on level 6 of the Dungeon)

   It has a curse which improves the following skills: Cunning: Dodging and
   Stealth.
   Elements:  Fire Magic, Ice Magic, Air Magic and Earth Magic.
 z - a +0 scale mail
 A - +3 steam dragon scales (worn)
Jewellery
 g - an amulet of reflection (around neck)
 n - a ring of resist corrosion
 q - a ring of magical power (left hand)
 s - the cursed ring of Curses and Power (right hand) {Str+6, Evo, Elem}
   (You found it on level 3 of the Dungeon)

   [ring of strength]

   Str:       It affects your strength (+6).
   It has a curse which improves the following skills: Evocations: Evocations.
   Elements:  Fire Magic, Ice Magic, Air Magic and Earth Magic.
 B - a ring of protection from cold
 C - a ring of protection from cold
 D - an amulet of the acrobat
 F - a ring of magical power
 G - a ring of magical power
Wands
 b - a wand of mindburst (14)
 r - a wand of flame (16)
Scrolls
 e - 2 scrolls of teleportation
 h - 2 scrolls of fear
 u - a scroll of fog
Potions
 j - 2 potions of magic
 k - 2 potions of ambrosia
 l - 2 potions of mutation
 m - a potion of brilliance
 o - 2 potions of flight
 p - 3 potions of lignification
 v - a potion of resistance
 I - a potion of might


   Skills:
 + Level 7.4 Fighting
 + Level 5.7 Short Blades
 + Level 5.7 Long Blades
 + Level 7.4 Axes
 + Level 5.7 Maces & Flails
 + Level 5.7 Polearms
 + Level 5.7 Staves
 + Level 5.7 Slings
 + Level 5.7 Bows
 + Level 5.7 Crossbows
 + Level 6.3 Throwing
 + Level 6.3 Armour
 + Level 7.4(8.5) Dodging
 + Level 5.7(6.7) Stealth
 + Level 5.7 Shields
 + Level 5.7 Unarmed Combat
 + Level 7.7 Spellcasting
 + Level 4.7 Conjurations
 + Level 4.7 Hexes
 + Level 4.7 Summonings
 + Level 4.7 Necromancy
 + Level 7.3 Translocations
 + Level 4.7 Transmutations
 + Level 4.7(6.3) Fire Magic
 + Level 4.7(6.3) Ice Magic
 + Level 4.7(6.3) Air Magic
 + Level 4.7(6.3) Earth Magic
 + Level 4.7 Poison Magic
 + Level 6.3 Invocations
 + Level 5.7(6.7) Evocations


You had 10 spell levels left.
You knew the following spells:

 Your Spells              Type           Power      Damage    Failure   Level
a - Blink                 Tloc           N/A        N/A       1%          2
b - Olgreb's Toxic Radia  Pois           17%        N/A       21%         4
c - Poisonous Vapours     Pois/Air       38%        N/A       2%          2
d - Teleport Other        Tloc           24%        N/A       1%          3
e - Swiftness             Air            21%        N/A       3%          3

Your spell library contained the following spells:

 Spells                   Type           Power      Damage    Failure   Level
 Animate Skeleton         Necr           34%        N/A       1%          1
 Apportation              Tloc           48%        N/A       1%          1
 Corona                   Hex            18%        N/A       1%          1
 Sting                    Tmut/Pois      68%        1d6       1%          1
 Summon Small Mammal      Summ           68%        N/A       1%          1
 Gell's Gravitas          Tloc           12%        N/A       1%          3
 Lesser Beckoning         Tloc           12%        N/A       1%          3
 Ensorcelled Hibernation  Hex/Ice        38%        N/A       2%          2
 Passwall                 Tmut/Erth      15%        N/A       2%          2
 Spider Form              Tmut/Pois      8%         N/A       6%          3
 Manifold Assault         Tloc           24%        N/A       19%         5
 Invisibility             Hex            8%         N/A       97%         6
 Shadow Creatures         Summ           N/A        N/A       97%         6


Dungeon Overview and Level Annotations

Branches:
Dungeon (9/15)             Temple (1/1) D:6            Lair (0/6) D:8
 Bailey (1/1)
    Orc: D:9-12

Altars:
Ashenzari
Cheibriados
Dithmenos
Elyvilon
Fedhas
Gozag
Hepliaklqana
Kikubaaqudgha
Makhleb
Nemelex Xobeh
Okawaru
Qazlal
Ru
Sif Muna
Trog
Uskayaw
Vehumet
Wu Jian
Xom
Yredelemnul
Zin
The Shining One

Shops:
D:1 (!   D:8 *

Annotations:
D:6 exclusion: downstairs
D:7 exclusion: 2 downstairs
D:8 Erica


Innate Abilities, Weirdness & Mutations

You have very sharp teeth.
Your uncanny sense of smell can sniff out nearby items.
Your experience applies equally to all skills.


Message History

You enter the shallow water.
Moving in this stuff is going to be slow.
You open the gate.
Found a +2 vampiric executioner's axe.
Found two gates leading back out of this place.
There is an open gate here.
You see here a +2 vampiric executioner's axe.
f - a +2 vampiric executioner's axe Your +0 whip of electrocution stops crackling.
You feel a sense of dread.
f - a +2 vampiric executioner's axe (weapon)
Your movement speed is average.
Your attack delay is about 1.6.
Your base attributes are Str 13, Int 13, Dex 12.
Okay, then.
Unknown command.
You feel the dreadful sensation subside.
You hear the crackle of electricity.
x - a +0 whip of electrocution (weapon)
As you open the door, it creaks loudly! 3 orc warriors and an orc knight come into view.
The orc knight shouts!
The orc warrior shouts! x3
The orc knight roars a battlecry!
The orc warriors go into a battle-frenzy!
Found a manual of Shields and 3 scrolls of enchant weapon.
Found a roughly hewn altar of Beogh.
Unknown command.
Okay, then.
Press: ? - help, v - describe, . - travel, g - get item Item here: a manual of Shields.
The floor.
As you read the scroll of teleportation, it crumbles to dust.
You feel strangely unstable.
The orc warrior hits you from afar with a +0 bardiche!!
The orc warrior closely misses you.
The orc knight hits you from afar with a +0 halberd!!
There is an open gate here.
You enter the shallow water.
Moving in this stuff is going to be slow.
The orc warrior hits you from afar with a +0 bardiche!!
You die...

#≈≈##.#)##≈≈# ≈≈≈≈≈≈≈.. ≈≈≈≈≈≈≈
#)#########≈# ≈≈≈≈≈≈≈..
.≈≈≈≈≈≈≈##≈')#?.:#)'≈# ≈≈≈≈≈≈≈..
..≈≈≈≈≈≈≈##≈###._.###≈# ≈≈≈≈≈≈≈..
..≈≈≈≈≈≈≈##≈')#.oo#)'≈# ≈≈≈≈≈≈≈..
..≈≈≈≈≈≈≈##≈####o####≈# ≈≈≈≈≈≈≈..
..≈≈≈≈≈≈≈##≈≈##∩o∩##≈≈# ≈≈≈≈≈≈≈..
..≈≈≈≈≈≈≈≈≈≈≈##'''#≈≈## ≈≈≈≈≈≈≈..
..≈≈≈≈≈≈≈≈≈≈≈##≈@≈≈≈##≈ ≈≈≈≈≈≈≈..
..≈≈≈≈≈≈≈≈≈≈≈##≈≈≈≈##≈≈≈≈≈≈≈≈≈≈..
.≈≈#.#)≈≈≈≈≈#######≈≈≈≈≈≈#)#≈≈..
..≈##.∩#≈≈≈≈≈≈≈)≈≈≈≈≈≈≈≈≈#∩)##≈..
..≈..^.)≈≈≈≈)≈≈≈≈≈≈≈≈≈≈≈≈..^..≈..
..≈##.##≈≈≈≈≈≈≈≈≈≈≈≈≈≈≈≈≈##.##≈..
.. #.#≈≈≈≈≈≈≈≈≈≈≈≈≈≈≈≈≈≈≈#.#≈≈..
≈≈≈≈≈≈≈≈≈≈≈≈≈≈≈≈≈≈≈≈≈≈≈≈≈≈≈..
..............................


You could see an orc knight and 3 orc warriors.

Vanquished Creatures
  A boulder beetle (D:8)
  Pikel (D:5)
  Maurice (D:8)
  An unseen horror (D:7)
  A steam dragon (D:7)
  A sky beast (D:5)
  15 orc warriors
  An ice beast (D:7)
  2 ogres
  4 centaurs
  A phantom (D:5)
  2 kobold brigands
  6 bullfrogs
  2 gnoll sergeants
  2 scorpions
  2 water moccasin skeletons
  10 killer bees
  4 wights (D:8)
  3 jellies
  2 bullfrog zombies
  A centaur skeleton (D:5)
  Crazy Yiuf (D:6)
  3 hounds
  A gnoll shaman (D:5)
  5 iguanas
  2 orc wizards (D:6)
  3 hound skeletons
  A howler monkey skeleton (D:5)
  2 howler monkey zombies
  9 adders
  21 gnolls
  A white imp (D:7)
  A worm (D:4)
  A dart slug (D:4)
  30 orcs
  5 ball pythons
  8 endoplasms
  3 giant cockroaches
  9 goblins
  6 hobgoblins
  2 jackals (D:4)
  2 quokkas
  A bat (D:3)
  A frilled lizard (D:1)
  17 kobolds
  3 rats
201 creatures vanquished.

Notes
Turn   | Place    | Note
-------+----------+-------------------------------------------
     0 | D:1      | iamoutofideas the Gnoll Warper began the quest for the Orb.
     0 | D:1      | Reached XP level 1. HP: 20/20 MP: 6/6
   114 | D:1      | Found a faded altar of an unknown god.
   234 | D:1      | Found Tidghao's Weapon Emporium.
   241 | D:1      | Reached XP level 2. HP: 21/26 MP: 7/7
   737 | D:1      | Found Hoxzayzu's Distillery.
   742 | D:1      | Bought a potion of degeneration for 14 gold pieces
  1169 | D:1      | Reached XP level 3. HP: 28/31 MP: 9/9
  1453 | D:2      | Reached skill level 5 in Spellcasting
  1771 | D:2      | Reached skill level 1 in Invocations
  2116 | D:2      | Reached skill level 1 in Short Blades
  2116 | D:2      | Reached skill level 1 in Long Blades
  2116 | D:2      | Reached skill level 1 in Maces & Flails
  2116 | D:2      | Reached skill level 1 in Polearms
  2116 | D:2      | Reached skill level 1 in Staves
  2116 | D:2      | Reached skill level 1 in Slings
  2116 | D:2      | Reached skill level 1 in Bows
  2116 | D:2      | Reached skill level 1 in Crossbows
  2116 | D:2      | Reached skill level 1 in Stealth
  2116 | D:2      | Reached skill level 1 in Shields
  2116 | D:2      | Reached skill level 1 in Unarmed Combat
  2116 | D:2      | Reached skill level 1 in Evocations
  2376 | D:2      | Reached XP level 4. HP: 38/38 MP: 11/11
  2659 | D:3      | Learned a level 2 spell: Blink
  2664 | D:3      | Learned a level 4 spell: Olgreb's Toxic Radiance
  2667 | D:3      | Learned a level 2 spell: Poisonous Vapours
  2671 | D:3      | Learned a level 3 spell: Teleport Other
  2887 | D:4      | Found a glowing drain.
  2932 | D:4      | Reached skill level 1 in Conjurations
  2932 | D:4      | Reached skill level 1 in Hexes
  2932 | D:4      | Reached skill level 1 in Summonings
  2932 | D:4      | Reached skill level 1 in Necromancy
  2932 | D:4      | Reached skill level 1 in Transmutations
  2932 | D:4      | Reached skill level 1 in Fire Magic
  2932 | D:4      | Reached skill level 1 in Ice Magic
  2932 | D:4      | Reached skill level 1 in Air Magic
  2932 | D:4      | Reached skill level 1 in Earth Magic
  2932 | D:4      | Reached skill level 1 in Poison Magic
  3275 | D:4      | Reached XP level 5. HP: 39/43 MP: 12/12
  3770 | D:4      | Reached XP level 6. HP: 50/50 MP: 12/13
  4216 | D:4      | Noticed an ice beast
  4494 | D:3      | Reached skill level 5 in Fighting
  4494 | D:3      | Reached skill level 5 in Axes
  4494 | D:3      | Reached skill level 5 in Dodging
  4934 | D:5      | Entered Level 5 of the Dungeon
  5091 | D:5      | Reached XP level 7. HP: 56/56 MP: 15/15
  6254 | D:5      | Reached XP level 8. HP: 63/63 MP: 16/16
  6406 | D:5      | Noticed Pikel
  6427 | D:5      | Killed Pikel
  6949 | D:6      | Learned a level 3 spell: Swiftness
  6975 | D:6      | Found a runed translucent door.
  6976 | D:6      | Noticed Crazy Yiuf
  7012 | D:6      | Found a staircase to the Ecumenical Temple.
  7074 | D:6      | Reached XP level 9. HP: 32/69 MP: 18/18
  7367 | Temple   | Entered the Ecumenical Temple
  7452 | Temple   | Became a worshipper of Ashenzari the Shackled
  7452 | Temple   | Identified a scroll of acquirement
  7471 | D:6      | Acquired 729 gold pieces
  8441 | D:6      | Killed Crazy Yiuf
  9557 | D:7      | Reached skill level 5 in Throwing
  9557 | D:7      | Reached skill level 5 in Armour
  9578 | D:7      | Killed an unseen horror
  9767 | D:7      | Reached skill level 5 in Invocations
 10791 | D:7      | Reached XP level 10. HP: 72/77 MP: 20/20
 11058 | D:8      | Noticed a boulder beetle
 11058 | D:8      | Found Osucvuw's General Store.
 11078 | D:7      | Reached * piety under Ashenzari
 11343 | D:8      | Noticed Maurice
 11380 | D:8      | HP: 2/77 [something/puff of flame (7)]
 11388 | D:8      | Killed Maurice
 11389 | D:8      | Reached skill level 5 in Short Blades
 11389 | D:8      | Reached skill level 5 in Long Blades
 11389 | D:8      | Reached skill level 5 in Maces & Flails
 11389 | D:8      | Reached skill level 5 in Polearms
 11389 | D:8      | Reached skill level 5 in Staves
 11389 | D:8      | Reached skill level 5 in Slings
 11389 | D:8      | Reached skill level 5 in Bows
 11389 | D:8      | Reached skill level 5 in Crossbows
 11389 | D:8      | Reached skill level 5 in Stealth
 11389 | D:8      | Reached skill level 5 in Shields
 11389 | D:8      | Reached skill level 5 in Unarmed Combat
 11389 | D:8      | Reached skill level 5 in Evocations
 11658 | D:8      | Noticed a five-headed hydra
 12387 | D:8      | Killed a boulder beetle
 12575 | D:8      | Found a staircase to the Lair.
 12588 | D:8      | Noticed Erica
 12976 | D:9      | Found a glowing golden altar of the Shining One.
 13026 | D:9      | Found a flagged portal.
 13215 | Bailey   | Entered a bailey
 14516 | Bailey   | Noticed an orc knight
 14519 | Bailey   | Slain by an orc warrior

Illustrated notes

Levels and vault maps discovered:
D:1:      nzn_arrival_water_spiral, layout_loops_corners,
          hellmonk_ecumenical_altar_lost_god, serial_shops, shop,
          nicolae_shop_crystal
D:2:      layout_loops_corners
D:3:      layout_basic, chequers_serial_rivers_room_b
D:4:      layout_basic, gup_sewer_entry_glass, minmay_misc_feat_columns
D:5:      layout_basic, uniq_pikel
D:6:      layout_cave_pods, temple_pool_b, uniq_crazy_yiuf_cottage
D:7:      layout_basic, nrook_mini_backslash, minmay_misc_feat_enclosed,
          minmay_fractal_squares_gapless_5
D:8:      layout_loops_ring, lair_entry_dummy, nicolae_stop_n_shop_1,
          uniq_maurice, uniq_erica
D:9:      layout_basic, nicolae_tso_carved_into_rock, enter_bailey_7,
          kennysheep_dice
Temple:   grunt_wide_crystal_templ
Bailey:   bailey_polearm_2, bailey

Skill      XL: |  1  2  3  4  5  6  7  8  9 10 |
---------------+-------------------------------+-----
Spellcasting   | 5 6 7 |  7.7
Invocations    | 1 2 3 4 5 6 |  6.3
Short Blades   | 1 2 3 4 5 |  5.7
Long Blades    | 1 2 3 4 5 |  5.7
Maces & Flails | 1 2 3 4 5 |  5.7
Polearms       | 1 2 3 4 5 |  5.7
Staves         | 1 2 3 4 5 |  5.7
Slings         | 1 2 3 4 5 |  5.7
Bows           | 1 2 3 4 5 |  5.7
Crossbows      | 1 2 3 4 5 |  5.7
Stealth        | 1 2 3 4 5 |  5.7
Shields        | 1 2 3 4 5 |  5.7
Unarmed Combat | 1 2 3 4 5 |  5.7
Evocations     | 1 2 3 4 5 |  5.7
Conjurations   | 1 2 3 4 |  4.7
Hexes          | 1 2 3 4 |  4.7
Summonings     | 1 2 3 4 |  4.7
Necromancy     | 1 2 3 4 |  4.7
Transmutations | 1 2 3 4 |  4.7
Fire Magic     | 1 2 3 4 |  4.7
Ice Magic      | 1 2 3 4 |  4.7
Air Magic      | 1 2 3 4 |  4.7
Earth Magic    | 1 2 3 4 |  4.7
Poison Magic   | 1 2 3 4 |  4.7
Throwing       | 3 4 5 6 |  6.3
Armour         | 3 4 5 6 |  6.3
Fighting       | 5 6 7 |  7.4
Axes           | 5 6 7 |  7.4
Dodging        | 5 6 7 |  7.4
Translocations | 6 7 |  7.3

Action                   |  1- 3 |  4- 6 |  7- 9 | 10-12 || total
-------------------------+-------+-------+-------+-------++-------
Melee: Hand axe          |   112 |   125 |   107 |       ||   344
       Bite              |     3 |     7 |    24 |     6 ||    40
       Punch             |       |     1 |     2 |     1 ||     4
       Whip              |       |       |   100 |    70 ||   170
 Cast: Poisonous Vapours |       |    41 |   113 |    26 ||   180
       Teleport Other    |       |     3 |       |       ||     3
       Blink             |       |     1 |       |     1 ||     2
       Olgreb's Toxic Ra |       |       |     6 |    46 ||    52
       Swiftness         |       |       |     1 |     3 ||     4
Invok: Curse Item        |       |       |     1 |     1 ||     2
Evoke: Wand              |       |       |     1 |       ||     1
  Use: Scroll            |     3 |     7 |     1 |     7 ||    18
       Potion            |       |     2 |     2 |     3 ||     7
 Stab: Sleeping          |       |     1 |     5 |     2 ||     8
       Distracted        |       |       |     1 |       ||     1
Armor: Leather armour    |    24 |    53 |    67 |    17 ||   161
       Steam dragon scal |       |       |       |     6 ||     6
Dodge: Dodged            |    74 |   100 |   185 |    95 ||   454
Block: Other             |       |    22 |    58 |    31 ||   111
       Reflection        |       |       |     3 |    10 ||    13
